 Dungeon Crawl Stone Soup version bcrawl-1.21.2-28-g2cb1824106 (webtiles) character file.

Game seed: 7623626180701013032

207 Freyura the Skirmisher (level 5, -3/47 HPs)
             Began as a Minotaur Fighter on Mar 19, 2020.
             Killed by nerve-wracking pain
             ... invoked by an orc priest
              (12 damage)
             ... on level 3 of the Dungeon.
             The game lasted 00:04:06 (2191 turns).

Freyura the Skirmisher (Minotaur Fighter)           Turns: 2191, Time: 00:04:07

Health: -3/47      AC:  8    Str: 20    XL:     5   Next: 54%
Magic:  4/4        EV:  8    Int:  5    God:
Gold:   228        SH:  9    Dex: 11    Spells: 4/4 levels left

rFire    . . .     SeeInvis .   a - +0 flail
rCold    . . .     Gourm    .   c - +0 medium shield
rNeg     . . .     Faith    .   b - +0 scale mail
rPois    .         Spirit   .   (helmet restricted)
rElec    .         Reflect  .   g - +0 cloak
rCorr    .         Harm     .   (no gloves)
MR       .....                  (no boots)
Stlth    ..........             h - amulet of rage
HPRegen  0.15/turn              (no ring)
MPRegen  0.09/turn              (no ring)

@: drained
A: retaliatory headbutt, horns 2
a: Evoke Berserk Rage


You were on level 3 of the Dungeon.
You were not hungry.

You visited 1 branch of the dungeon, and saw 3 of its levels.

You collected 228 gold pieces.

Inventory:

Hand Weapons
 a - a +0 flail (weapon)
Armour
 b - a +0 scale mail (worn)
 c - a +0 medium shield (worn)
 g - a +0 cloak (worn)
Jewellery
 h - an amulet of rage (around neck)
 t - an uncursed ring of resist corrosion {unknown}
Scrolls
 f - a scroll of fear {unknown}
 i - 5 scrolls of teleportation {unknown}
 j - 2 scrolls of remove curse {unknown}
 k - a scroll of blinking {unknown}
 m - 6 scrolls of identify {unknown}
 p - a scroll of amnesia {unknown}
 q - 2 scrolls of enchant armour {unknown}
Potions
 d - 2 potions of might
 l - 2 potions of curing {unknown}
 n - a potion of brilliance {unknown}
 o - 2 potions of invisibility {unknown}
 r - 2 potions of ambrosia {unknown}
 s - a potion of cancellation {unknown}
 u - a potion of heal wounds {unknown}
 v - a potion of degeneration {unknown}
Comestibles
 e - 8 rations {!d}


   Skills:
 + Level 4.5(3.8) Fighting
 * Level 4.4(3.7) Maces & Flails
 + Level 4.5(3.7) Armour
 + Level 2.2(1.5) Dodging
 + Level 4.4(3.7) Shields


You had 4 spell levels left.
You didn't know any spells.
Your spell library contained the following spells:

 Spells                   Type           Power        Failure   Level  Hunger
 Apportation              Tloc           #.....       100%        1    ##.....
 Infusion                 Chrm           #.......     100%        1    ##.....
 Magic Dart               Conj           #...         100%        1    ##.....
 Sandblast                Erth           #.....       100%        1    ##.....
 Slow                     Hex            #.......     100%        1    ##.....
 Summon Butterflies       Summ           #.......     100%        1    ##.....
 Searing Ray              Conj           #.......     100%        2    ###....
 Iskenderun's Mystic Bla  Conj           #.......     100%        3    ####...
 Fulminant Prism          Conj/Hex       #.........   100%        4    #####..
 Irradiate                Conj/Tmut      #.........   100%        5    ######.


Dungeon Overview and Level Annotations

Branches:
Dungeon (3/12)

Altars:
Fedhas

Annotations:
D:2 exclusion: oklob plant


Innate Abilities, Weirdness & Mutations

You reflexively headbutt those who attack you in melee.
You have a pair of horns on your head.


Message History

The orc priest is severely wounded.
The orc priest closely misses you.
You hit the orc priest. Your headbutt misses the orc priest.
The orc priest is almost dead.
You block the orc priest's attack.
You hit the orc priest but do no damage.
Your headbutt misses the orc priest.
The orc priest is almost dead.
The orc priest hits you but does no damage.
Your shield and scale mail prevent you from hitting the orc priest.
You headbutt the orc priest, but do no damage.
The orc priest is almost dead.
The orc priest invokes the aid of Beogh against you.
Beogh smites you!
* * * LOW HITPOINT WARNING * * *
You hit the orc priest but do no damage.
The orc priest is almost dead.
The orc priest invokes the aid of Beogh against you.
Pain shoots through your body!
You die...

## ## ## #.## #.
.##...# #.#....)..
......... #o......o
#o# ##@## #)).# #.#.#
####...## #.......#
##+# #.##.##.# ##...##
#.......# ##.....##
#.......## ##.......#
#........####.........


You could see an orc priest and an orc.

Vanquished Creatures
  2 orc wizards (D:3)
  A bullfrog skeleton (D:2)
  2 adders (D:3)
  4 gnolls (D:3)
  2 worms
  A dart slug (D:1)
  3 leopard geckos
  4 orcs
  A ball python (D:3)
  A giant cockroach (D:1)
  11 goblins
  9 hobgoblins
  6 kobolds
  5 bats
  3 frilled lizards
  4 rats
59 creatures vanquished.

Notes
Turn   | Place    | Note
-------+----------+-------------------------------------------
     0 | D:1      | Freyura the Minotaur Fighter began the quest for the Orb.
     0 | D:1      | Reached XP level 1. HP: 19/19 MP: 0/0
   104 | D:1      | Reached XP level 2. HP: 22/27 MP: 1/1
   533 | D:1      | Reached skill level 1 in Dodging
   683 | D:2      | Reached XP level 3. HP: 33/33 MP: 2/2
   929 | D:2      | Reached XP level 4. HP: 40/40 MP: 3/3
  1243 | D:2      | Found a blossoming altar of Fedhas.
  1253 | D:2      | Noticed an oklob plant
  2070 | D:3      | Reached XP level 5. HP: 25/47 MP: 4/4
  2191 | D:3      | Killed from afar by an orc priest

Skill      XL: |  1  2  3  4  5 |
---------------+----------------+-----
Maces & Flails | 3 4 |  4.4
Fighting       | 4 |  4.5
Dodging        | 1 2 |  2.2
Armour         | 4 |  4.5
Shields        | 4 |  4.4

Action                   |  1- 3 |  4- 6 || total
-------------------------+-------+-------++-------
Melee: Flail             |    66 |    84 ||   150
       Headbutt          |    10 |     9 ||    19
  Eat: Chunk             |       |     4 ||     4
Armor: Scale mail        |    18 |    39 ||    57
Dodge: Dodged            |    22 |    28 ||    50
Block: Medium shield     |    35 |    40 ||    75
